AAA
BAKERSFIELD CANNONS @ WINSTON-SALEM WARTHOGS
08/07/2059
 
TOP OF THE 1ST
Bakersfield Cannons batting - Pitching for Winston-Salem Warthogs : RHP Clinton Cowan
Pitching: RHP Clinton Cowan
Batting: RHB Elroy Saenz 0-0: Foul Ball, location: 2F
0-1: Ball
1-1: Ball
2-1: Foul Ball, location: 2F
2-2: Fly out, F8 (Line Drive, 8LS, EV 96.2 MPH)
Batting: RHB Kaileb Romero 0-0: Foul Ball, location: 2F
0-1: Foul Ball, location: 2F
0-2: DOUBLE (Line Drive, 9LD, EV 113.8 MPH)
Batting: LHB Keon Kakazai 0-0: Ball
1-0: Foul Ball, location: 2F
1-1: Fly out, F9 (Flyball, 9, EV 87.5 MPH)
Batting: RHB Adrian Gramling 0-0: Ball
1-0: Ball
2-0: Foul Ball, location: 2F
2-1: Reached on error, E6 (Groundball, 6S, EV 71.9 MPH)
Kaileb Romero to third
Batting: RHB Turk Dorey 0-0: Fielders Choice at 2nd, 6-4 (Groundball, 6, EV 82.5 MPH)
Top of the 1st over - 0 runs, 1 hit, 1 error, 2 left on base; Bakersfield 0 - Winston-Salem 0
BOTTOM OF THE 1ST
Winston-Salem Warthogs batting - Pitching for Bakersfield Cannons : RHP Jeremy Vanover
Pitching: RHP Jeremy Vanover
Batting: RHB Bryson Brinn 0-0: Swinging Strike
0-1: Ball
1-1: Foul Ball, location: 2F
1-2: Foul Ball, location: 2F
1-2: Ground out 5-3 (Groundball, 56, EV 106.2 MPH)
Batting: RHB Kyle Patri 0-0: SOLO HOME RUN (Flyball, 89XD, EV 103.8 MPH), Distance : 394 ft
Batting: LHB George Tijhuis 0-0: Swinging Strike
0-1: Ground out 6-3 (Groundball, 6, EV 98.1 MPH)
Batting: LHB Sherman Primes 0-0: Swinging Strike
0-1: Ball
1-1: Swinging Strike
1-2: Foul Ball, location: 2F
1-2: Ball
2-2: Ball
3-2: Ground out 5-3 (Groundball, 56, EV 104.4 MPH)
Bottom of the 1st over - 1 run, 1 hit, 0 errors, 0 left on base; Bakersfield 0 - Winston-Salem 1
TOP OF THE 2ND
Bakersfield Cannons batting - Pitching for Winston-Salem Warthogs : RHP Clinton Cowan
Batting: RHB Adan Natoli 0-0: Called Strike
0-1: Ball
1-1: Fly out, F8 (Flyball, 8LM, EV 88.8 MPH)
Batting: RHB Jake Christensen 0-0: Called Strike
0-1: Ball
1-1: Ground out 4-3 (Groundball, 4, EV 85.6 MPH)
Batting: RHB Nelson Dimas 0-0: Ball
1-0: Ball
2-0: Bunted foul
2-1: Foul Ball, location: 2F
2-2: Ball
3-2: Foul Ball, location: 2F
3-2: Foul Ball, location: 2F
3-2: SINGLE (Line Drive, 56D, EV 108.1 MPH)
Batting: RHB Langdon Bushey 0-0: Ball
1-0: Foul Ball, location: 2F
1-1: Foul Ball, location: 2F
1-2: Ball
Nelson Dimas steals 2nd base
2-2: Ball
3-2: Base on Balls
Batting: RHB Elroy Saenz 0-0: Ball
1-0: Called Strike
1-1: Ball
2-1: Foul Ball, location: 2F
2-2: Foul Ball, location: 2F
2-2: Ball
3-2: Base on Balls
Nelson Dimas to third
Langdon Bushey to second
Batting: RHB Kaileb Romero 0-0: Foul Ball, location: 2F
0-1: SINGLE (Line Drive, 4MD, EV 101.2 MPH)
Nelson Dimas scores
Langdon Bushey to third
Elroy Saenz to second
Runner from 3rd tries for Home, SAFE, throw by CF to home
Batting: LHB Keon Kakazai 0-0: Foul Ball, location: 2F
0-1: Ball
1-1: Ball
2-1: Ball
3-1: SINGLE (Line Drive, 7S, EV 85.0 MPH)
Elroy Saenz to third
Kaileb Romero to second
Runner from 3rd tries for Home, SAFE, throw by LF to home
Batting: RHB Adrian Gramling 0-0: Fielders Choice at 2nd, 6-4 (Groundball, 6, EV 103.1 MPH)
Top of the 2nd over - 3 runs, 3 hits, 0 errors, 2 left on base; Bakersfield 3 - Winston-Salem 1
BOTTOM OF THE 2ND
Winston-Salem Warthogs batting - Pitching for Bakersfield Cannons : RHP Jeremy Vanover
Batting: LHB Lewis O'Connor 0-0: Ball
1-0: Called Strike
1-1: Swinging Strike
1-2: Ball
2-2: Strikes out swinging
Batting: RHB Allen Stoll 0-0: Called Strike
0-1: SINGLE (Groundball, 4D, EV 101.2 MPH)
Batting: SHB Shaunte Panteleo 0-0: Called Strike
0-1: SINGLE (Line Drive, 9S, EV 99.4 MPH)
Allen Stoll to second
Allen Stoll to third
Batting: RHB Devon Abrams 0-0: TRIPLE (Line Drive, 8RXD, EV 100.6 MPH)
Allen Stoll scores
Shaunte Panteleo scores
Batting: RHB Todd Abarca 0-0: Ball
1-0: Fly out, F8 (Flyball, 8LXD, EV 86.9 MPH)
Runner from 3rd tags up, SCORES, no throw by CF
Batting: RHB Bryson Brinn 0-0: Called Strike
0-1: Swinging Strike
0-2: SOLO HOME RUN (Flyball, 7LD, EV 93.1 MPH), Distance : 328 ft
Batting: RHB Kyle Patri 0-0: Ball
1-0: Ball
2-0: Called Strike
2-1: Fly out, F7 (Line Drive, 78M, EV 106.9 MPH)
Bottom of the 2nd over - 4 runs, 4 hits, 0 errors, 0 left on base; Bakersfield 3 - Winston-Salem 5
TOP OF THE 3RD
Bakersfield Cannons batting - Pitching for Winston-Salem Warthogs : RHP Clinton Cowan
Batting: RHB Turk Dorey 0-0: Ball
1-0: Ball
2-0: Foul Ball, location: 2F
2-1: Called Strike
2-2: Foul Ball, location: 2F
2-2: Strikes out looking
Batting: RHB Adan Natoli 0-0: Ball
1-0: Ball
2-0: Called Strike
2-1: SINGLE (Line Drive, 9S, EV 88.1 MPH)
Batting: RHB Jake Christensen 0-0: Called Strike
0-1: Swinging Strike
0-2: Strikes out swinging
Batting: RHB Nelson Dimas 0-0: Foul Ball, location: 2F
0-1: DOUBLE (Flyball, 89XD, EV 106.9 MPH)
Adan Natoli to third
Batting: RHB Langdon Bushey 0-0: Called Strike
0-1: Fly out, F3 (Popup, 23F, EV 83.8 MPH)
Top of the 3rd over - 0 runs, 2 hits, 0 errors, 2 left on base; Bakersfield 3 - Winston-Salem 5
BOTTOM OF THE 3RD
Winston-Salem Warthogs batting - Pitching for Bakersfield Cannons : RHP Jeremy Vanover
Batting: LHB George Tijhuis 0-0: Ball
1-0: Fly out, F9 (Line Drive, 89M, EV 96.2 MPH)
Batting: LHB Sherman Primes 0-0: Foul Ball, location: 2F
0-1: Ball
1-1: Foul Ball, location: 2F
1-2: DOUBLE (Line Drive, 8RXD, EV 111.9 MPH)
Batting: LHB Lewis O'Connor 0-0: Fly out, F8 (Flyball, 89D, EV 103.8 MPH)
Batting: RHB Allen Stoll 0-0: SINGLE (Groundball, 56D, EV 97.5 MPH)
Sherman Primes to third
Runner from 3rd tries for Home, SAFE, throw by LF to home
Pitching: RHP Freddy Walliyullah
Batting: SHB Shaunte Panteleo 0-0: Ball
1-0: Called Strike
1-1: Swinging Strike
1-2: Ball
2-2: Foul Ball, location: 2F
2-2: Strikes out swinging
Bottom of the 3rd over - 1 run, 2 hits, 0 errors, 1 left on base; Bakersfield 3 - Winston-Salem 6
TOP OF THE 4TH
Bakersfield Cannons batting - Pitching for Winston-Salem Warthogs : RHP Clinton Cowan
Batting: RHB Elroy Saenz 0-0: Foul Ball, location: 2F
0-1: Foul Ball, location: 2F
0-2: Ball
1-2: Strikes out swinging
Batting: RHB Kaileb Romero 0-0: DOUBLE (Line Drive, 9LM, EV 108.1 MPH)
Batting: LHB Keon Kakazai 0-0: Ball
1-0: Swinging Strike
1-1: Ball
2-1: Foul Ball, location: 2F
2-2: Fly out, F9 (Line Drive, 9, EV 95.6 MPH)
Batting: RHB Adrian Gramling 0-0: Ground out 3-1 (Groundball, 34, EV 105.0 MPH)
Top of the 4th over - 0 runs, 1 hit, 0 errors, 1 left on base; Bakersfield 3 - Winston-Salem 6
BOTTOM OF THE 4TH
Winston-Salem Warthogs batting - Pitching for Bakersfield Cannons : RHP Freddy Walliyullah
Batting: RHB Devon Abrams 0-0: Called Strike
0-1: Ball
1-1: Foul Ball, location: 2F
1-2: Foul Ball, location: 2F
1-2: Foul Ball, location: 2F
1-2: Foul Ball, location: 2F
1-2: Fly out, F9 (Flyball, 9, EV 89.4 MPH)
Batting: RHB Todd Abarca 0-0: Called Strike
0-1: Ball
1-1: Ball
2-1: Fly out, F8 (Flyball, 78S, EV 92.5 MPH)
Batting: RHB Bryson Brinn 0-0: Foul Ball, location: 2F
0-1: Swinging Strike
0-2: Strikes out swinging
Bottom of the 4th over - 0 runs, 0 hits, 0 errors, 0 left on base; Bakersfield 3 - Winston-Salem 6
TOP OF THE 5TH
Bakersfield Cannons batting - Pitching for Winston-Salem Warthogs : RHP Clinton Cowan
Batting: RHB Turk Dorey 0-0: Ball
1-0: Called Strike
1-1: Foul Ball, location: 2F
1-2: Ball
2-2: SINGLE (Line Drive, 7S, EV 90.0 MPH)
Batting: RHB Adan Natoli 0-0: Swinging Strike
0-1: Grounds into double play, 5-4-3 (Groundball, 56D, EV 90.6 MPH)
Batting: RHB Jake Christensen 0-0: Called Strike
0-1: Called Strike
0-2: Ball
1-2: Foul Ball, location: 2F
1-2: Ball
2-2: Strikes out swinging
Top of the 5th over - 0 runs, 1 hit, 0 errors, 0 left on base; Bakersfield 3 - Winston-Salem 6
BOTTOM OF THE 5TH
Winston-Salem Warthogs batting - Pitching for Bakersfield Cannons : RHP Freddy Walliyullah
Batting: RHB Kyle Patri 0-0: Ball
1-0: Foul Ball, location: 2F
1-1: Foul Ball, location: 2F
1-2: Ball
2-2: Strikes out swinging
Batting: LHB George Tijhuis 0-0: Ball
1-0: Fly out, F8 (Flyball, 8RM, EV 91.9 MPH)
Batting: LHB Sherman Primes 0-0: Ball
1-0: Swinging Strike
1-1: Swinging Strike
1-2: Strikes out swinging
Bottom of the 5th over - 0 runs, 0 hits, 0 errors, 0 left on base; Bakersfield 3 - Winston-Salem 6
TOP OF THE 6TH
Bakersfield Cannons batting - Pitching for Winston-Salem Warthogs : RHP Clinton Cowan
Batting: RHB Nelson Dimas 0-0: Ball
1-0: Ball
2-0: Fly out, F4 (Popup, 4, EV 58.1 MPH)
Batting: RHB Langdon Bushey 0-0: Called Strike
0-1: Foul Ball, location: 2F
0-2: Ground out 6-3 (Groundball, 6, EV 100.0 MPH)
Batting: RHB Elroy Saenz 0-0: Ball
1-0: Ball
2-0: Ball
3-0: Base on Balls
Batting: RHB Kaileb Romero 0-0: Ball
1-0: DOUBLE (Line Drive, 8RXD, EV 104.4 MPH)
Elroy Saenz to third
Runner from 3rd tries for Home, SAFE, throw by CF to trailing runner, SAFE at third!
Batting: LHB Keon Kakazai 0-0: Ball
1-0: Called Strike
1-1: Foul Ball, location: 2F
1-2: Foul Ball, location: 2F
1-2: Foul Ball, location: 2F
1-2: Fly out, F9 (Flyball, 89M, EV 78.1 MPH)
Top of the 6th over - 1 run, 1 hit, 0 errors, 1 left on base; Bakersfield 4 - Winston-Salem 6
BOTTOM OF THE 6TH
Winston-Salem Warthogs batting - Pitching for Bakersfield Cannons : RHP Freddy Walliyullah
Batting: LHB Lewis O'Connor 0-0: Ball
1-0: Foul Ball, location: 2F
1-1: Ball
2-1: Ball
3-1: Foul Ball, location: 2F
3-2: Strikes out swinging
Batting: RHB Allen Stoll 0-0: Ball
1-0: Swinging Strike
1-1: SINGLE (Line Drive, 9LS, EV 102.5 MPH)
Batting: SHB Shaunte Panteleo 0-0: Swinging Strike
0-1: Foul Ball, location: 2F
0-2: Fly out, F4 (Popup, 4D, EV 50.0 MPH)
Pitching: LHP Dalton Robbins
Batting: RHB Devon Abrams 0-0: Foul Ball, location: 2F
0-1: Ball
1-1: Fly out, F8 (Flyball, 8LM, EV 91.2 MPH)
Bottom of the 6th over - 0 runs, 1 hit, 0 errors, 1 left on base; Bakersfield 4 - Winston-Salem 6
TOP OF THE 7TH
Bakersfield Cannons batting - Pitching for Winston-Salem Warthogs : RHP Clinton Cowan
Pitching: RHP Jakob Williamson
Batting: RHB Adrian Gramling 0-0: Swinging Strike
0-1: Ball
1-1: Ball
2-1: DOUBLE (Flyball, 89XD, EV 93.8 MPH)
Batting: RHB Turk Dorey 0-0: Called Strike
0-1: Ball
1-1: Ball
2-1: Ball
3-1: Called Strike
3-2: Strikes out swinging
Batting: RHB Adan Natoli 0-0: Foul Ball, location: 2F
0-1: Ground out 5-3 (Groundball, 56S, EV 76.9 MPH)
Batting: RHB Jake Christensen 0-0: Foul Ball, location: 2F
0-1: Foul Ball, location: 2F
0-2: Ball
1-2: Ball
2-2: Ball
3-2: Base on Balls
Batting: RHB Nelson Dimas 0-0: Called Strike
0-1: Fly out, F9 (Flyball, 9, EV 82.5 MPH)
Top of the 7th over - 0 runs, 1 hit, 0 errors, 2 left on base; Bakersfield 4 - Winston-Salem 6
BOTTOM OF THE 7TH
Winston-Salem Warthogs batting - Pitching for Bakersfield Cannons : LHP Dalton Robbins
Batting: RHB Todd Abarca 0-0: Ball
1-0: Called Strike
1-1: Swinging Strike
1-2: Ball
2-2: Foul Ball, location: 2F
2-2: SINGLE (Popup, 2L, EV 91.9 MPH)
Batting: RHB Bryson Brinn 0-0: Bunt missed!
0-1: Bunted foul
0-2: Ball
1-2: Foul Ball, location: 2F
1-2: Ball
2-2: Foul Ball, location: 2F
2-2: Ball
3-2: Foul Ball, location: 2F
3-2: Fly out, F8 (Flyball, 8LS, EV 81.9 MPH)
Batting: RHB Kyle Patri 0-0: Ball
1-0: SINGLE (Line Drive, 7LS, EV 103.8 MPH)
Todd Abarca to second
Batting: LHB George Tijhuis 0-0: Foul Ball, location: 2F
0-1: Foul Ball, location: 2F
0-2: Fly out, F8 (Flyball, 8LD, EV 106.2 MPH)
Batting: LHB Sherman Primes 0-0: Ball
1-0: Called Strike
1-1: Ball
2-1: Called Strike
2-2: Foul Ball, location: 2F
2-2: SINGLE (Line Drive, 6MD, EV 96.9 MPH)
Todd Abarca to third
Kyle Patri to second
Runner from 3rd tries for Home, SAFE, throw by CF to home
Batting: LHB Lewis O'Connor 0-0: Called Strike
0-1: Foul Ball, location: 2F
0-2: Ball
1-2: Strikes out swinging
Bottom of the 7th over - 1 run, 3 hits, 0 errors, 2 left on base; Bakersfield 4 - Winston-Salem 7
TOP OF THE 8TH
Bakersfield Cannons batting - Pitching for Winston-Salem Warthogs : RHP Jakob Williamson
Batting: RHB Langdon Bushey 0-0: Ball
1-0: Ground out 4-3 (Groundball, 34, EV 100.6 MPH)
Batting: RHB Elroy Saenz 0-0: Ball
1-0: Ball
2-0: Ball
3-0: Called Strike
3-1: Ground out 6-3 (Groundball, 6, EV 94.4 MPH)
Batting: RHB Kaileb Romero 0-0: Ball
1-0: SINGLE (Groundball, 56D, EV 109.4 MPH)
Pitching: RHP Toby Zook
Batting: LHB Keon Kakazai 0-0: Ball
1-0: Ground out 4-3 (Groundball, 34S, EV 80.0 MPH)
Top of the 8th over - 0 runs, 1 hit, 0 errors, 1 left on base; Bakersfield 4 - Winston-Salem 7
BOTTOM OF THE 8TH
Winston-Salem Warthogs batting - Pitching for Bakersfield Cannons : LHP Dalton Robbins
Batting: RHB Allen Stoll 0-0: Called Strike
0-1: Fly out, F4 (Popup, 4, EV 80.0 MPH)
Batting: SHB Shaunte Panteleo 0-0: Foul Ball, location: 2F
0-1: Ground out 6-3 (Groundball, 6, EV 86.9 MPH)
Batting: RHB Devon Abrams 0-0: Called Strike
0-1: Swinging Strike
0-2: Foul Ball, location: 2F
0-2: Ball
1-2: Strikes out looking
Bottom of the 8th over - 0 runs, 0 hits, 0 errors, 0 left on base; Bakersfield 4 - Winston-Salem 7
TOP OF THE 9TH
Bakersfield Cannons batting - Pitching for Winston-Salem Warthogs : RHP Toby Zook
Batting: RHB Adrian Gramling 0-0: Ball
1-0: Foul Ball, location: 2F
1-1: Foul Ball, location: 2F
1-2: SOLO HOME RUN (Flyball, 78XD, EV 95.0 MPH), Distance : 387 ft
Batting: RHB Turk Dorey 0-0: Ball
1-0: Called Strike
1-1: Foul Ball, location: 2F
1-2: Strikes out looking
Batting: RHB Adan Natoli 0-0: Ball
1-0: Called Strike
1-1: Fly out, F9 (Line Drive, 9LS, EV 95.0 MPH)
Batting: RHB Jake Christensen 0-0: Ball
1-0: Foul Ball, location: 2F
1-1: Called Strike
1-2: Foul Ball, location: 2F
1-2: Ball
2-2: Ball
3-2: Strikes out swinging
Top of the 9th over - 1 run, 1 hit, 0 errors, 0 left on base; Bakersfield 5 - Winston-Salem 7
Thursday, March 21st , 2024 - OOTP Baseball 23.10 Build 110